 Dungeon Crawl Stone Soup version 0.21.1-1-g345015fe64 (webtiles) character file.

77 Roikka the Skirmisher (level 4, -5/35 HPs)
             Began as a Demonspawn Abyssal Knight on July 13, 2018.
             Was a Follower of Lugonu.
             Slain by a phantom (7 damage)
             ... on level 3 of the Dungeon.
             The game lasted 00:07:04 (2282 turns).

Roikka the Skirmisher (Demonspawn Abyssal Knight)   Turns: 2282, Time: 00:07:05

Health: -5/35      AC:  5    Str: 13    XL:     4   Next: 14%
Magic:  6/6        EV: 11    Int: 13    God:    Lugonu [*.....]
Gold:   54         SH:  0    Dex: 13    Spells: 3/3 levels left

rFire    . . .     SeeInvis .   a - +1 falchion
rCold    . . .     Gourm    .   (no shield)
rNeg     . . .     Faith    .   b - +0 leather armour
rPois    .         Spirit   .   (helmet restricted)
rElec    .         Reflect  .   (no cloak)
rCorr    .         Harm     .   (no gloves)
MR       .....                  (no boots)
Stlth    +.........             (no amulet)
HPRegen  0.11/turn              (no ring)
MPRegen  0.10/turn              (no ring)

@: no status effects
A: horns 2, slimy green scales 1
a: Depart the Abyss, Renounce Religion


You were on level 3 of the Dungeon.
You worshipped Lugonu.
Lugonu was aware of your devotion.
You were hungry.

You visited 1 branch of the dungeon, and saw 3 of its levels.
You visited the Abyss 1 time.

You collected 54 gold pieces.

Inventory:

Hand Weapons
 a - a +1 falchion (weapon)
Armour
 b - a +0 leather armour (worn)
Jewellery
 m - an uncursed amulet of faith {unknown}
Scrolls
 d - a scroll of noise {unknown}
 h - 9 scrolls of identify {unknown}
 l - a scroll of teleportation {unknown}
Potions
 e - a potion of flight {unknown}
 i - 2 potions of degeneration {unknown}
 j - 2 potions of curing {unknown}
 k - a potion of might {unknown}
Comestibles
 c - 4 rations


   Skills:
 + Level 3.5 Fighting
 * Level 2.9 Long Blades
 + Level 2.3 Armour
 - Level 1.0 Dodging
 - Level 3.0 Invocations


You had 3 spell levels left.
You didn't know any spells.

Dungeon Overview and Level Annotations

Branches:
Dungeon (3/15)

Altars:
Nemelex Xobeh
Vehumet

Annotations:
D:3 Grinder


Innate Abilities, Weirdness & Mutations

You have a pair of horns on your head.
You are partially covered in slimy green scales. (AC +2)


Message History

The phantom closely misses you.
You riposte.
You hit the phantom but do no damage.
The phantom is lightly damaged.
You barely miss the phantom. You headbutt the phantom!
The phantom is moderately damaged.
The phantom blinks!
You hit the phantom.
The phantom is moderately damaged.
The phantom hits you.
You closely miss the phantom. Your headbutt misses the phantom.
The phantom is moderately damaged.
The phantom barely misses you.
You hit the phantom. Your headbutt misses the phantom.
The phantom is heavily damaged.
The phantom hits you!
* * * LOW HITPOINT WARNING * * *
The phantom blinks!
There is a stone staircase leading up, spattered with blood here.
The phantom hits you!
You die...

#######
#.....#
#.###W#
#@# ###


You could see a phantom.

Vanquished Creatures
  An adder (D:2)
  2 worms (D:2)
  2 dart slugs
  3 leopard geckos
  6 giant cockroaches (D:1)
  5 goblins
  10 hobgoblins
  2 ball pythons (D:2)
  6 bats
  7 frilled lizards (D:2)
  4 kobolds
  6 rats
54 creatures vanquished.

Notes
Turn   | Place    | Note
-------+----------+-------------------------------------------
     0 | Abyss:1  | Roikka the Demonspawn Abyssal Knight began the quest for the Orb.
     0 | Abyss:1  | Reached XP level 1. HP: 18/18 MP: 2/2
    43 | Abyss:1  | Noticed a golden eye
    62 | Abyss:1  | Noticed an orange demon
    63 | D:1      | Escaped the Abyss
   132 | D:1      | Reached skill level 1 in Dodging
   263 | D:1      | Reached * piety under Lugonu
   263 | D:1      | Gained mutation: You are partially covered in slimy green scales. (AC +2) [demonic ancestry]
   263 | D:1      | Reached XP level 2. HP: 9/24 MP: 3/3
   865 | D:1      | Gained mutation: You have a pair of small horns on your head. [demonic ancestry]
   865 | D:1      | Reached XP level 3. HP: 28/29 MP: 5/5
  1378 | D:2      | Gained mutation: You have a pair of horns on your head. [demonic ancestry]
  1378 | D:2      | Reached XP level 4. HP: 28/35 MP: 6/6
  1383 | D:2      | Found a radiant altar of Vehumet.
  1438 | D:2      | Reached ** piety under Lugonu
  1773 | D:3      | Found a sparkling altar of Nemelex Xobeh.
  1845 | D:3      | Noticed Grinder
  1972 | D:3      | Paralysed by Grinder for 5 turns
  1979 | D:3      | HP: 1/35 [Grinder/nerve-wracking pain (6)]
  2265 | D:3      | Noticed a phantom
  2282 | D:3      | Slain by a phantom

Skill      XL: |  1  2  3 |
---------------+----------+-----
Long Blades    | 2 |  2.9
Dodging        | 1 |  1.0
Armour         | 2 |  2.3
Invocations    | 3 |  3.0
Fighting       | |  3.5

Action                   |  1- 3 |  4- 6 || total
-------------------------+-------+-------++-------
Melee: Falchion          |   137 |    36 ||   173
       Headbutt          |    12 |     2 ||    14
Invok: Depart the Abyss  |     1 |       ||     1
  Use: Scroll            |     2 |       ||     2
  Eat: Chunk             |     2 |     2 ||     4
Armor: Leather armour    |    51 |    12 ||    63
Dodge: Dodged            |    99 |    12 ||   111
       Rpst.: Falchion   |    25 |     3 ||    28
